 Dungeon Crawl Stone Soup version bcrawl-1.26 (webtiles) character file.

Game seed: 14969782104754227616

12348267 Artagas the Bewitcher (level 18, -18/138 HPs)
             Began as a Vampire Enchanter on July 1, 2020.
             Was a Believer of Uskayaw.
             Demolished by an eldritch tentacle (28 damage)
             ... in a wizard's laboratory.
             The game lasted 01:45:26 (31999 turns).

Artagas the Bewitcher (Vampire Enchanter)          Turns: 31999, Time: 01:45:26

Health: -18/138    AC: 24    Str: 15      XL:     18   Next: 27%
Magic:  28/28      EV: 16    Int: 16 (17) God:    Uskayaw [**....]
Gold:   1049       SH:  7    Dex: 16      Spells: 16/31 levels left

rFire    . . .     SeeInvis +   a - +9 rapier of Defilement {pierce, rC+ MR+ Stlth+}
rCold    + . .     Gourm    .   V - +0 buckler {reflect}
rNeg     + . .     Faith    .   j - +7 pearl dragon scales
rPois    +         Spirit   .   R - +1 hat
rElec    +         Reflect  +   Q - +0 cloak {rC+}
rCorr    .         Harm     .   Z - +1 pair of gauntlets of War {Slay+6}
MR       ++...                  n - +0 pair of boots
Stlth    +++++.....             g - amulet of Wecu {Acrobat rElec rPois rC-}
HPRegen  0.76/turn              p - +4 ring of protection
MPRegen  0.21/turn              X - +4 ring of protection

@: corroded, very slightly contaminated, regenerating quickly, hasted and slowed
A: claws 1, fangs 3, see invisible, unbreathing
}: 2/15 runes: decaying, gossamer
a: Bat Form, Stomp, Line Pass, Renounce Religion


You were in a wizard's laboratory.
You worshipped Uskayaw.
Uskayaw was aware of your devotion.
You were very full.

You visited 6 branches of the dungeon, and saw 27 of its levels.
You also visited: Sewer, Ice Cave and Wizlab.

You collected 3192 gold pieces.
You spent 2143 gold pieces at shops.

Inventory:

Hand Weapons
 a - the +9 rapier of Defilement (weapon) {pierce, rC+ MR+ Stlth+}
   (You took it off an orc on level 5 of the Dungeon)

   It will always inflict at least some extra damage.
   This minimum extra damage increases with your current reserve of magical
   power.
   It protects you from cold.
   It affects your resistance to hostile enchantments.
   It makes you more stealthy.
 b - a +0 blowgun
   (You took it off a kobold on level 6 of the Dungeon)
Missiles
 y - 13 poisoned needles
 A - 205 javelins (quivered)
 B - 21 curare-tipped needles
 L - a throwing net {=f}
Armour
 j - +7 pearl dragon scales (worn)
   (You took it off an orc warrior on level 4 of the Dungeon)
 n - a +0 pair of boots (worn)
   (You found it on level 3 of the Dungeon)
 Q - a +0 cloak of cold resistance (worn)
   (You found it in an ice cave)
 R - a +1 hat (worn)
   (You took it off Gastronok on level 3 of the Lair of Beasts)
 V - a +0 buckler of reflection (worn)
   (You took it off a spriggan on level 3 of the Swamp)
 Z - the +1 pair of gauntlets of War (worn) {Slay+6}
   (You bought it in a shop in the Orcish Mines)

   It affects your accuracy and damage with ranged weapons and melee attacks
   (+6).
Jewellery
 g - the amulet of Wecu (around neck) {Acrobat rElec rPois rC-}
   (You acquired it on level 12 of the Dungeon)

   [amulet of the acrobat]

   It helps you evade while moving and waiting.
   It makes you vulnerable to cold.
   It insulates you from electricity.
   It protects you from poison.
 p - a +4 ring of protection (left hand)
   (You found it on level 4 of the Lair of Beasts)
 T - the ring "Koepto" {Int+7 Dex-2 Stlth--}
   (You found it on level 3 of the Lair of Beasts)

   [ring of attention]

   It affects your intelligence (+7).
   It affects your dexterity (-2).
   It makes you much less stealthy.
 X - a +4 ring of protection (right hand)
   (You found it on level 5 of the Lair of Beasts)
Wands
 e - a wand of flame (45)
   (You found it on level 5 of the Dungeon)
 r - a wand of iceblast (28)
   (You found it on level 3 of the Swamp)
 u - a wand of paralysis (18)
   (You found it on level 10 of the Dungeon)
 v - a wand of digging (6)
   (You took it off a spriggan on level 3 of the Swamp)
 F - a wand of acid (15)
   (You bought it in a shop on level 9 of the Dungeon)
 N - a wand of enslavement (8)
   (You found it on level 5 of the Dungeon)
 O - a wand of disintegration (43)
   (You found it on level 3 of the Lair of Beasts)
 U - a wand of polymorph (23)
   (You took it off a tengu warrior on level 12 of the Dungeon)
Scrolls
 f - 5 scrolls of fear
 m - 5 scrolls of remove curse
 t - 12 scrolls of teleportation
 x - 2 scrolls of vulnerability
 z - 2 scrolls of blinking
 C - 6 scrolls of magic mapping
 D - a scroll of silence
 H - 4 scrolls of torment
 K - a scroll of summoning
 S - 3 scrolls of immolation
 Y - 3 scrolls of fog
Potions
 c - 5 potions of curing
 d - 4 potions of might
 h - 5 potions of haste
 i - 5 potions of magic
 l - 9 potions of brilliance
 o - 2 potions of cancellation
 q - 8 potions of blood {@q1}
 s - a potion of agility
 w - 4 potions of heal wounds
 G - 5 potions of ambrosia
 M - 7 potions of flight
Miscellaneous
 J - a box of beasts
 P - a lamp of fire (inert)
   (You found it on level 3 of the Lair of Beasts)


   Skills:
 + Level 11.4 Fighting
 - Level 14.0 Short Blades
 + Level 11.5 Armour
 + Level 13.5 Dodging
 + Level 12.3 Stealth
 + Level 6.8 Shields
 - Level 7.0 Spellcasting
 - Level 3.0 Conjurations
 - Level 17.0 Hexes
 - Level 4.0 Summonings
 - Level 4.0 Ice Magic
 + Level 11.5 Invocations
 - Level 7.0 Evocations


You had 16 spell levels left.
You knew the following spells:

 Your Spells              Type           Power        Failure   Level  Hunger
a - Summon Butterflies    Summ           ###.....     16%         1    None
b - Ensorcelled Hibernat  Hex/Ice        #####.       1%          2    None
c - Confuse               Hex            ######..     1%          3    ##.....
d - Dazzling Orbs         Conj/Hex       #####..      3%          3    ##.....
e - Invisibility          Hex            ######..     11%         6    #######

Your spell library contained the following spells:

 Spells                   Type           Power        Failure   Level  Hunger
 Corona                   Hex            ######.      1%          1    None
 Slow                     Hex            ######..     1%          1    None
 Tukima's Dance           Hex            ######..     1%          3    ##.....
 Inner Flame              Hex/Fire       N/A          7%          3    ##.....
 Darkness                 Hex            ######....   11%         6    #######
 Flame Tongue             Conj/Fire      ##...        38%         1    None
 Shock                    Conj/Air       ##...        38%         1    None
 Apportation              Tloc           #.....       61%         1    None
 Beastly Appendage        Tmut           #.....       61%         1    None
 Infusion                 Chrm           #.......     61%         1    None
 Sandblast                Erth           #.....       61%         1    None
 Recall                   Summ/Tloc      N/A          71%         3    ##.....
 Passwall                 Tmut/Erth      #.......     75%         2    None
 Sticks to Snakes         Tmut           #.......     75%         2    None
 Sublimation of Blood     Necr           #.........   75%         2    None
 Swiftness                Chrm/Air       #.......     75%         2    None
 Beckoning                Tloc           #.........   93%         3    ##.....
 Ignite Poison            Fire/Tmut/Pois #.......     93%         3    ##.....
 Spider Form              Tmut/Pois      #..          93%         3    ##.....
 Static Discharge         Air            #.......     93%         3    ##.....
 Ice Form                 Ice/Tmut       ##......     98%         4    ####...
 Sticky Flame             Conj/Fire      ##......     99%         4    ####...
 Airstrike                Air            #.........   100%        4    ####...
 Animate Dead             Necr           N/A          100%        4    ####...
 Petrify                  Tmut/Erth      #.......     100%        4    ####...
 Blade Hands              Tmut           #.........   100%        5    #####..
 Lee's Rapid Deconstruct  Erth           #.........   100%        5    #####..
 Lightning Bolt           Conj/Air       ##........   100%        5    #####..
 Passage of Golubria      Tloc           N/A          100%        5    #####..
 Bolt of Cold             Conj/Ice       ###.......   100%        6    #######
 Bolt of Fire             Conj/Fire      ##........   100%        6    #######
 Borgnjor's Vile Clutch   Necr/Erth      #.........   100%        6    #######
 Death Channel            Chrm/Necr      #.........   100%        6    #######
 Ozocubu's Refrigeration  Ice            ###.......   100%        6    #######
 Simulacrum               Ice/Necr       ##........   100%        6    #######


Dungeon Overview and Level Annotations

Branches:
Dungeon (12/12)            Temple (0/1) D:5            Lair (6/6) D:8
  Swamp (3/3) Lair:3       Spider (3/3) Lair:4        Slime (0/5) Lair:5
    Orc (1/1) D:11            Elf (2/3) Orc          Vaults (0/3) D:11
 Depths (0/5) D:12

Altars:
Elyvilon
Fedhas
Makhleb
Qazlal
Trog
Uskayaw
Vehumet
Xom
The Shining One
Beogh
Jiyva

Shops:
D:5 :%   D:9 :}}?(   D:12 (   Orc **!(*   Elf:1 (

Annotations:
Lair:1 1 runed translucent door, dscm's ghost, novice OpAc
Swamp:3 Lernaean hydra
Spider:1 Roxanne WizLab 9 transporters


Innate Abilities, Weirdness & Mutations

Your natural rate of healing is unusually fast.
You have sharp fingernails.
You have razor-sharp teeth.
You have supernaturally acute eyesight. (SInv)
You can survive without breathing.


Message History

You feel dopey. Something feeds on your intellect!
The obsidian statue's eyes glow briefly.
Evoke which item? (* to show all) (? for menu, Esc to quit)
Aim the lamp in which direction?
Press: ? - help, Dir - move target cursor, f - obsidian statue
Aim: an obsidian statue The flames dance!
The trail of fire hits the eldritch tentacle.
The eldritch tentacle completely resists.
The trail of fire hits the neqoxec!!
The neqoxec is heavily wounded.
You block the eldritch tentacle's attack.
The eldritch tentacle claws you but does no damage.
The neqoxec is engulfed in blazing flames.
You kill the neqoxec!
The red devil hits you from afar with a +0 trident.
Evoke which item? (* to show all) (? for menu, Esc to quit)
Aiming: Corrosive Bolt
Press: ? - help, Shift-Dir - straight line, f/p - obsidian statue
Aim: an obsidian statue The bolt of acid hits the obsidian statue!!
The obsidian statue is splashed with acid.
The acid corrodes the obsidian statue!
The obsidian statue is moderately damaged.
The bolt of acid hits the eldritch tentacle segment.
The eldritch tentacle segment completely resists.
The eldritch tentacle slaps you but does no damage.
The eldritch tentacle completely misses you.
The eldritch tentacle barely misses you.
The eldritch tentacle claws you. The eldritch tentacle shocks you. You resist.
You puncture the obsidian statue!
Ssssck.
The obsidian statue is heavily damaged.
The red devil hits you but does no damage.
You completely miss the obsidian statue.
You bite the obsidian statue.
The obsidian statue is heavily damaged.
The rust devil hits you. The rust devil corrodes you!
The eldritch tentacle slaps you but does no damage.
The eldritch tentacle claws you but does no damage.
The obsidian statue's eyes glow briefly.
The obsidian statue attempts to bespell you!
You resist with almost no effort.
Unknown command.
Evoke which item? (* to show all) (? for menu, Esc to quit)
Aiming: Corrosive Bolt
Press: ? - help, Shift-Dir - straight line, f/p - obsidian statue
Aim: an obsidian statue (heavily damaged, covered in acid)
The bolt of acid hits the obsidian statue!
The obsidian statue is splashed with acid!
The obsidian statue is almost destroyed.
The bolt of acid hits the eldritch tentacle segment.
The eldritch tentacle segment completely resists.
The red devil hits you from afar with a +0 trident!
You block the eldritch tentacle's attack.
The eldritch tentacle claws you but does no damage.
The rust devil hits you. The rust devil corrodes you!
You can now pass through a line of other dancers.
You puncture the obsidian statue!
Snnnck.
The obsidian statue is almost destroyed.
The red devil completely misses you.
The eldritch tentacle slaps you but does no damage.
The eldritch tentacle claws you but does no damage.
You completely miss the obsidian statue.
The obsidian statue is almost destroyed.
The rust devil hits you. The rust devil corrodes you!
You hit the obsidian statue.
You destroy the obsidian statue!
The red devil disappears in a puff of smoke!
The rust devil disappears in a puff of smoke!
The eldritch tentacle misses you. The eldritch tentacle claws you!
You feel yourself slow down.
You hit the eldritch tentacle.
Ssssck.
The eldritch tentacle is lightly damaged.
The eldritch tentacle completely misses you.
The eldritch tentacle claws you but does no damage.
You hit the eldritch tentacle but do no damage.
Snnnck.
The eldritch tentacle is lightly damaged.
The eldritch tentacle barely misses you.
You block the eldritch tentacle's attack.
You hit the eldritch tentacle.
Ssssck.
The eldritch tentacle is lightly damaged.
You puncture the eldritch tentacle!
Snnnck.
The eldritch tentacle is lightly damaged.
The eldritch tentacle barely misses you.
The eldritch tentacle claws you!! The eldritch tentacle freezes you!
You resist. The eldritch tentacle misses you.
The eldritch tentacle barely misses you.
The eldritch tentacle completely misses you.
The eldritch tentacle claws you!! The eldritch tentacle shocks you. You resist.
You feel yourself speed up. The eldritch tentacle misses you.
The eldritch tentacle claws you!!
* * * LOW HITPOINT WARNING * * *
You are engulfed in flames!!
* * * LOW HITPOINT WARNING * * *
The eldritch tentacle barely misses you.
The eldritch tentacle claws you!!
You die...

###≈.#8#..#.#.#.#.#..#8#.≈#####.#
.#..#..#######∩########...#≈.#.#
##..#..## #§§###..#.##...#.##..#
#..#.#.#.©#§§§#...#©.#.####.≈.#
##..≈.####§§§[.../.####..#..###
#.≈##.#....°....)§§§#...##.#
##≈#.##...°.#:#.[.§§##.#.#.#
#.#.#.##..§##Λ##.§§##.≈...##
###.8.#©##☼[.*_w@..##©##8..#
#..#.#.##§°:##☼##...##.#...#
#.#.#.##§§§![#.#.....##.#..#
..####.#^§§).........#...≈.##
#..##.####§........####..#..##
≈......#.©#...#§!§#∩ #..≈#..≈#
≈..#≈..##.#..###§^#.##.....###
.##.#.≈.######∩#######..#.## #
###...8#..#.#...#.#...8#...###.#


You could see an eldritch tentacle.

Vanquished Creatures
  Gastronok (Lair:3)
  Arachne (Spider:2)
  Nikola (Swamp:1)
  An Ice Fiend (IceCv)
  A thorn hunter (Swamp:2)
  4 ghost moths
  3 emperor scorpions
  A cacodemon (WizLab)
  A very ugly thing (Swamp:2)
  Nessos (Orc)
  3 entropy weavers
  3 spark wasps (Spider:3)
  Snorg (Lair:5)
  The ghost of Sarzael the Transmogrifier, a journeyman DrTm of Okawaru (D:12)
  Urug (Lair:5)
  A fire dragon (D:12)
  4 vault guards (D:11)
  Erolcha (D:9)
  26 hydras
  2 ice dragons
  2 shambling mangroves
  4 ogre magi (Orc)
  18 two-headed ogres
  An anaconda (Lair:4)
  2 centaur warriors
  A tengu warrior (D:12)
  6 dancing weapons
  9 alligators
  A queen ant (Spider:1)
  A soul eater (WizLab)
  Sonja (D:11)
  6 deep elf knights
  4 skeletal warriors (D:11)
  An unseen horror (D:11)
  2 spriggan druids
  2 death drakes
  10 swamp dragons
  A lindwurm (Lair:6)
  9 deep elf archers
  An obsidian statue (WizLab)
  3 orange crystal statues
  2 orc knights
  3 cyclopes (D:12)
  12 orb spiders
  27 wolf spiders
  A manticore (D:9)
  A worldbinder (WizLab)
  29 deep elf magi
  4 ugly things
  A moth of wrath (Spider:2)
  An ice statue (IceCv)
  8 black mambas
  A centaur zombie (D:11)
  A guardian serpent (WizLab)
  11 cane toads
  2 centaur skeletons (D:12)
  6 torpor snails
  4 freezing wraiths
  8 demonic crawlers
  6 anaconda simulacra (IceCv)
  11 rime drakes
  7 komodo dragons
  7 ice devils
  A golden dragon simulacrum (IceCv)
  An ancient zyme (WizLab)
  27 jumping spiders
  3 tengu conjurers (D:12)
  4 trolls
  A wind drake (shapeshifter) (D:11)
  4 bog bodies
  Prince Ribbit (D:5)
  27 hornets
  10 tyrant leeches
  10 blink frogs
  14 hippogriffs
  A spriggan (shapeshifter) (Elf:2)
  4 centaur simulacra
  18 tarantellas
  A water elemental (Elf:1)
  A vampire (D:10)
  33 yaks
  55 redbacks
  8 spriggans
  10 wyverns
  A dire elephant simulacrum (IceCv)
  2 shadows
  A hog (shapeshifter) (D:12)
  2 steam dragons (D:9)
  A ynoxinul (WizLab)
  2 fire elementals
  7 humans (D:11)
  4 basilisks
  2 hungry ghosts
  4 vampire mosquitoes (Swamp:2)
  2 harpy simulacra (IceCv)
  A warg (D:11)
  2 iron troll simulacra (IceCv)
  18 soldier ants (Spider:1)
  10 crocodiles
  2 spatial vortices (WizLab)
  An acid dragon (D:12)
  12 swamp worms
  14 water moccasins
  6 porcupines
  4 hydra simulacra (IceCv)
  14 swamp drakes
  An alligator simulacrum (IceCv)
  21 orc warriors
  2 ice beasts
  6 sky beasts
  3 ettin simulacra (IceCv)
  A phantom (D:5)
  An eye of draining (D:12)
  25 ogres
  8 centaurs
  13 wolves
  10 bullfrogs
  2 big kobolds
  An earth elemental (Elf:1)
  4 scorpions
  8 wights
  3 killer bees
  A swamp dragon simulacrum (IceCv)
  An electric eel (Spider:1)
  4 howler monkeys
  9 crimson imps
  2 draconian simulacra (IceCv)
  A lava snake (D:12)
  A quasit (D:11)
  3 hounds
  4 jellies
  17 orc priests
  Crazy Yiuf (D:7)
  3 bullfrog skeletons
  An iron imp (WizLab)
  26 worker ants
  14 orc wizards
  6 hell rats (Lair:6)
  A polar bear simulacrum (IceCv)
  2 spriggan simulacra (IceCv)
  3 hound zombies (D:8)
  A howler monkey skeleton (D:5)
  10 adders
  5 naga simulacra (IceCv)
  A river rat (D:6)
  5 white imps
  11 ufetubi (IceCv)
  An ooze (Sewer)
  An adder skeleton (D:4)
  An adder zombie (D:5)
  5 worms
  4 dart slugs
  6 leopard geckos
  81 orcs
  3 ball pythons
  12 bats
  4 giant cockroaches
  9 goblins
  14 hobgoblins
  12 jackals
  6 quokkas
  A frilled lizard (D:1)
  A jackal zombie (D:8)
  15 kobolds
  7 rats
  A briar patch (Swamp:2)
  A lurking horror (WizLab)
1069 creatures vanquished.

Vanquished Creatures (others)
  A deep elf elementalist (Elf:2)
  A spriggan (Swamp:3)
  A human (D:11)
  2 soldier ants (Spider:1)
  7 fungi
  8 plants
20 creatures vanquished.

Grand Total: 1089 creatures vanquished

Notes
Turn   | Place    | Note
-------+----------+-------------------------------------------
     0 | D:1      | Artagas the Vampire Enchanter began the quest for the Orb.
     0 | D:1      | Reached XP level 1. HP: 13/13 MP: 3/3
   100 | D:1      | Reached skill level 5 in Stealth
   113 | D:1      | Reached XP level 2. HP: 9/19 MP: 1/5
   392 | D:1      | Reached skill level 2 in Short Blades
   408 | D:1      | Learned a level 2 spell: Ensorcelled Hibernation
   469 | D:1      | Reached XP level 3. HP: 24/24 MP: 6/6
   585 | D:1      | Reached skill level 5 in Hexes
   755 | D:1      | Got a fine jade ring
  1435 | D:2      | Found a blossoming altar of Fedhas.
  1454 | D:2      | Reached skill level 3 in Dodging
  1537 | D:2      | Reached XP level 4. HP: 30/30 MP: 7/7
  2086 | D:2      | Learned a level 3 spell: Confuse
  2108 | D:3      | Reached skill level 6 in Stealth
  2215 | D:3      | Found a hide-covered altar of Uskayaw.
  2215 | D:3      | Found a white marble altar of Elyvilon.
  2353 | D:3      | Became a worshipper of Uskayaw the Reveler
  2398 | D:3      | Reached skill level 3 in Short Blades
  2407 | D:3      | Reached * piety under Uskayaw
  2668 | D:3      | Reached ** piety under Uskayaw
  2670 | D:3      | Reached XP level 5. HP: 35/35 MP: 8/8
  2672 | D:3      | Reached *** piety under Uskayaw
  2673 | D:3      | Reached skill level 6 in Hexes
  2912 | D:3      | Reached skill level 7 in Stealth
  3050 | D:3      | Identified the cursed ring "Niefiafe" {*Drain rElec Dex+4
                  | Stlth--} (You found it on level 1 of the Dungeon)
  3143 | D:4      | Noticed an orc warrior
  3393 | D:4      | Killed an orc warrior
  3393 | D:4      | Reached skill level 1 in Fighting
  3393 | D:4      | Reached XP level 6. HP: 43/43 MP: 6/9
  3457 | D:4      | Reached skill level 4 in Short Blades
  3580 | D:4      | Reached skill level 3 in Spellcasting
  3651 | D:4      | Reached skill level 2 in Fighting
  3920 | D:4      | Noticed an ice beast
  3923 | D:4      | Killed an ice beast
  3923 | D:4      | Reached skill level 3 in Fighting
  3923 | D:4      | Reached XP level 7. HP: 52/52 MP: 11/11
  3928 | D:4      | Learned a level 3 spell: Dazzling Orbs
  4093 | D:5      | Entered Level 5 of the Dungeon
  4127 | D:5      | Reached skill level 1 in Invocations
  4167 | D:5      | Found a staircase to the Ecumenical Temple.
  4167 | D:5      | Noticed a hippogriff
  4190 | D:5      | Killed a hippogriff
  4190 | D:5      | Reached skill level 5 in Short Blades
  4190 | D:5      | Reached skill level 2 in Invocations
  4724 | D:5      | Noticed Prince Ribbit
  4736 | D:5      | Killed Prince Ribbit
  4736 | D:5      | Reached skill level 6 in Short Blades
  4736 | D:5      | Reached skill level 3 in Invocations
  4736 | D:5      | Reached XP level 8. HP: 58/58 MP: 9/12
  4742 | D:5      | Reached skill level 4 in Invocations
  5052 | D:5      | Identified the +9 rapier of Defilement {pierce, rC+ MR+
                  | Stlth+}
  5180 | D:5      | Found Kahicvea's Book Shop.
  5314 | D:5      | Found Xupa's Food Shop.
  5596 | D:6      | Reached skill level 8 in Stealth
  5643 | D:6      | Found a glowing drain.
  5653 | Sewer    | Entered a sewer
  6229 | D:6      | Found a burning altar of Makhleb.
  6229 | D:6      | Found a radiant altar of Vehumet.
  6233 | D:6      | Reached skill level 7 in Hexes
  6314 | D:6      | Reached skill level 7 in Short Blades
  6330 | D:6      | Reached **** piety under Uskayaw
  6721 | D:6      | Reached skill level 8 in Short Blades
  7159 | D:7      | Reached skill level 9 in Short Blades
  7434 | D:7      | Found a runed door.
  7623 | D:7      | Reached XP level 9. HP: 61/63 MP: 13/13
  7756 | D:7      | Found a stormy altar of Qazlal.
  7851 | D:7      | Noticed Crazy Yiuf
  7857 | D:7      | Killed Crazy Yiuf
  7978 | D:8      | Reached skill level 10 in Short Blades
  8031 | D:8      | Reached skill level 1 in Armour
  8365 | D:8      | Found a staircase to the Lair.
  8413 | D:8      | Noticed a two-headed ogre
  8758 | D:8      | Reached skill level 2 in Armour
  8758 | D:8      | Reached skill level 4 in Dodging
  8855 | D:8      | Killed a two-headed ogre
  8855 | D:8      | Reached skill level 4 in Fighting
  8855 | D:8      | Reached skill level 3 in Armour
  8855 | D:8      | Reached skill level 5 in Dodging
  9020 | D:8      | Identified Feddal's Collected Works on the Snowflakes and
                  | Fire
  9036 | D:8      | Found a roughly hewn altar of Beogh.
  9053 | D:8      | Reached skill level 5 in Fighting
  9062 | D:8      | Reached skill level 4 in Armour
  9066 | D:8      | Reached ***** piety under Uskayaw
  9067 | D:8      | Reached skill level 6 in Dodging
  9067 | D:8      | Reached XP level 10. HP: 71/74 MP: 14/14
  9224 | Lair:1   | Entered Level 1 of the Lair of Beasts
  9320 | Lair:1   | Reached skill level 1 in Evocations
  9619 | Lair:1   | Found a runed translucent door.
  9648 | Lair:1   | Noticed a cane toad
  9658 | Lair:1   | Killed a cane toad
  9658 | Lair:1   | Reached skill level 2 in Evocations
  9692 | Lair:1   | Noticed dscm's ghost (novice OpAc)
  9910 | Lair:1   | Reached skill level 5 in Invocations
  9910 | Lair:1   | Reached skill level 3 in Evocations
 10018 | Lair:2   | Noticed a cane toad
 10030 | Lair:2   | Killed a cane toad
 10030 | Lair:2   | Reached skill level 11 in Short Blades
 10098 | Lair:2   | Reached skill level 4 in Evocations
 10255 | Lair:2   | Got an ancient hat
 10302 | Lair:2   | Noticed a cane toad
 10303 | Lair:2   | Noticed a black mamba
 10307 | Lair:2   | Killed a black mamba
 10307 | Lair:2   | Reached skill level 5 in Evocations
 10312 | Lair:2   | Killed a cane toad
 10312 | Lair:2   | Reached skill level 12 in Short Blades
 10356 | Lair:2   | Reached XP level 11. HP: 59/80 MP: 15/15
 10552 | Lair:2   | Reached ****** piety under Uskayaw
 11174 | Lair:2   | Reached skill level 5 in Armour
 11174 | Lair:2   | Reached skill level 7 in Dodging
 11243 | Lair:3   | Reached skill level 6 in Fighting
 11522 | Lair:3   | Identified the -1 hat of Disappointment {rC+} (You found it
                  | on level 2 of the Lair of Beasts)
 11854 | Lair:3   | Noticed Gastronok
 11899 | Lair:3   | Killed Gastronok
 11899 | Lair:3   | Reached skill level 7 in Fighting
 11899 | Lair:3   | Reached skill level 13 in Short Blades
 11899 | Lair:3   | Reached skill level 6 in Armour
 11899 | Lair:3   | Reached skill level 8 in Dodging
 12105 | Lair:3   | Got a flickering wooden ring
 12256 | Lair:3   | Found a staircase to the Swamp.
 12648 | Lair:3   | Reached XP level 12. HP: 91/91 MP: 16/16
 12771 | Lair:3   | Reached skill level 14 in Short Blades
 12801 | Lair:3   | Learned a level 1 spell: Summon Butterflies
 12827 | Lair:4   | Found a hole to the Spider Nest.
 12970 | Lair:4   | Identified the ring "Koepto" {Int+7 Dex-2 Stlth--} (You
                  | found it on level 3 of the Lair of Beasts)
 13034 | Lair:4   | Noticed an anaconda
 13054 | Lair:4   | Killed an anaconda
 13478 | Lair:4   | Got a pair of slimy boots
 13488 | Lair:4   | Noticed an eight-headed hydra
 13519 | Lair:4   | Killed an eight-headed hydra
 13519 | Lair:4   | Reached skill level 6 in Invocations
 13606 | Lair:4   | Reached skill level 9 in Dodging
 13615 | Lair:4   | Reached skill level 7 in Armour
 13827 | Lair:5   | Noticed Snorg
 13828 | Lair:5   | Reached skill level 7 in Invocations
 13838 | Lair:5   | Killed Snorg
 13984 | Lair:5   | Noticed a four-headed hydra
 13997 | Lair:5   | Killed a four-headed hydra
 14075 | Lair:5   | Noticed a six-headed hydra
 14079 | Lair:5   | Killed a six-headed hydra
 14138 | Lair:5   | Noticed Urug
 14164 | Lair:5   | Killed Urug
 14164 | Lair:5   | Reached skill level 9 in Stealth
 14165 | Lair:5   | Found a viscous altar of Jiyva.
 14182 | Lair:5   | Found a staircase to the Slime Pits.
 14347 | Lair:5   | Noticed a five-headed hydra
 14358 | Lair:5   | Killed a five-headed hydra
 14792 | Lair:6   | Entered Level 6 of the Lair of Beasts
 14800 | Lair:6   | Noticed a seven-headed hydra
 14806 | Lair:6   | Killed a seven-headed hydra
 14830 | Lair:6   | Reached XP level 13. HP: 97/97 MP: 18/18
 14907 | Lair:6   | Identified the cursed -5 pair of boots of Loss {Dex+4} (You
                  | found it on level 4 of the Lair of Beasts)
 15063 | Lair:6   | Reached skill level 8 in Fighting
 15063 | Lair:6   | Reached skill level 10 in Dodging
 15155 | Lair:6   | Reached skill level 8 in Invocations
 15293 | Lair:6   | Reached skill level 8 in Armour
 15374 | Lair:6   | Got a spiked ring mail
 15386 | Lair:6   | Identified the +3 ring mail of Rationality {+Blink MR+
                  | rCorr} (You found it on level 6 of the Lair of Beasts)
 15565 | Lair:6   | Found a runed door.
 15693 | Lair:6   | Reached skill level 8 in Hexes
 16118 | D:9      | Found Dauzouv's Gadget Shop.
 16120 | D:9      | Noticed Erolcha
 16127 | D:9      | Killed Erolcha
 16134 | D:9      | Bought a wand of clouds (8) for 378 gold pieces
 16134 | D:9      | Bought a wand of acid (7) for 224 gold pieces
 16140 | D:9      | Found Nilyroun's Book Shop.
 16243 | D:9      | Found Ostru's Gadget Shoppe.
 16259 | D:9      | Found Yrouf's Weapon Shoppe.
 16341 | D:9      | Found Laasimat's Magic Scroll Boutique.
 16358 | D:9      | Bought a scroll of enchant armour for 105 gold pieces
 16358 | D:9      | Bought a scroll of identify for 28 gold pieces
 16358 | D:9      | Bought a scroll of identify for 28 gold pieces
 16358 | D:9      | Bought a scroll of identify for 28 gold pieces
 16365 | D:9      | Bought a scroll of identify for 28 gold pieces
 16365 | D:9      | Bought a scroll of identify for 28 gold pieces
 16365 | D:9      | Bought a scroll of summoning for 140 gold pieces
 16365 | D:9      | Bought a scroll of immolation for 49 gold pieces
 16365 | D:9      | Bought a scroll of fog for 28 gold pieces
 16744 | D:9      | Found a glowing golden altar of the Shining One.
 16864 | D:10     | Entered Level 10 of the Dungeon
 17187 | D:10     | Reached skill level 9 in Fighting
 17242 | D:10     | Reached skill level 11 in Dodging
 17243 | D:10     | Found a bloodstained altar of Trog.
 17250 | D:10     | Reached skill level 9 in Armour
 17250 | D:10     | Reached skill level 9 in Invocations
 17701 | D:11     | Reached XP level 14. HP: 108/108 MP: 20/20
 17828 | D:11     | Noticed Sonja
 17838 | D:11     | Killed Sonja
 18074 | D:11     | Reached skill level 10 in Stealth
 18134 | D:11     | Found a gate to the Vaults.
 18399 | D:11     | Found a staircase to the Orcish Mines.
 18679 | Orc      | Entered the Orcish Mines
 18716 | Orc      | Reached skill level 6 in Evocations
 18733 | Orc      | Found Mohujonybi's General Store.
 18741 | Orc      | Bought a potion of heal wounds for 55 gold pieces
 18741 | Orc      | Bought a scroll of identify for 22 gold pieces
 18811 | Orc      | Noticed Nessos
 18887 | Orc      | Killed Nessos
 18955 | Orc      | Found a shimmering altar of Xom.
 19448 | Orc      | Reached skill level 11 in Stealth
 19530 | Orc      | Reached skill level 10 in Fighting
 19530 | Orc      | Reached skill level 12 in Dodging
 19530 | Orc      | Reached skill level 10 in Invocations
 19545 | Orc      | Reached skill level 7 in Evocations
 19612 | Orc      | Reached skill level 10 in Armour
 19622 | Orc      | Found a staircase to the Elven Halls.
 19695 | Orc      | Found Zyveamot's Assorted Antiques.
 19695 | Orc      | Found Fitiagh's Distillery.
 19695 | Orc      | Found Mennomuf's Weapon Shop.
 19695 | Orc      | Found Aviy's General Store.
 19705 | Orc      | Bought a scroll of fog for 26 gold pieces
 19705 | Orc      | Bought the +1 pair of gauntlets of War {Slay+6} for 542
                  | gold pieces
 19705 | Orc      | Found the +1 pair of gauntlets of War {Slay+6}
 19717 | Orc      | Bought a potion of agility for 44 gold pieces
 19717 | Orc      | Bought a potion of berserk rage for 33 gold pieces
 19717 | Orc      | Bought a potion of curing for 27 gold pieces
 19717 | Orc      | Bought a potion of magic for 55 gold pieces
 19718 | Orc      | Bought a potion of heal wounds for 110 gold pieces
 19718 | Orc      | Bought a scroll of enchant armour for 165 gold pieces
 19914 | D:12     | Entered Level 12 of the Dungeon
 19983 | D:12     | Identified a scroll of acquirement
 19984 | D:12     | Identified the amulet of Wecu {Acrobat rElec rPois rC-}
                  | (You acquired it on level 12 of the Dungeon)
 20050 | D:12     | Reached XP level 15. HP: 115/115 MP: 22/22
 20119 | D:12     | Found a runed translucent door.
 20147 | D:12     | Noticed Sarzael's ghost (journeyman DrTm)
 20163 | D:12     | Killed Sarzael's ghost
 20609 | D:12     | Found Oceyfeg's Antique Weapon Shoppe.
 20710 | D:12     | Found a staircase to the Depths.
 21141 | Swamp:1  | Entered Level 1 of the Swamp
 21658 | Swamp:1  | Noticed Nikola
 21687 | Swamp:1  | Killed Nikola
 21951 | Swamp:2  | Reached skill level 13 in Dodging
 21972 | Swamp:2  | Reached skill level 11 in Fighting
 21972 | Swamp:2  | Reached skill level 11 in Invocations
 22027 | Swamp:2  | Reached skill level 11 in Armour
 22200 | Swamp:2  | Reached skill level 9 in Hexes
 22363 | Swamp:2  | Reached skill level 4 in Spellcasting
 22426 | Swamp:2  | Noticed a thorn hunter
 22437 | Swamp:2  | Killed a thorn hunter
 22437 | Swamp:2  | Reached skill level 10 in Hexes
 22905 | Swamp:3  | Entered Level 3 of the Swamp
 23029 | Swamp:3  | Reached skill level 5 in Spellcasting
 23029 | Swamp:3  | Reached XP level 16. HP: 96/125 MP: 24/24
 23169 | Swamp:3  | Reached skill level 1 in Shields
 23277 | Swamp:3  | Reached skill level 11 in Hexes
 23320 | Swamp:3  | Reached skill level 2 in Shields
 23557 | Swamp:3  | Noticed the 27-headed Lernaean hydra
 23781 | Swamp:3  | Reached skill level 3 in Shields
 23781 | Swamp:3  | Reached skill level 6 in Spellcasting
 23989 | Swamp:3  | Reached skill level 12 in Hexes
 24101 | Swamp:3  | Reached skill level 4 in Shields
 24109 | Swamp:3  | Learned a level 6 spell: Invisibility
 24240 | Swamp:3  | Got a decaying rune of Zot
 24756 | Spider:1 | Entered Level 1 of the Spider Nest
 24933 | Lair:4   | Reached skill level 13 in Hexes
 24956 | Spider:1 | Reached skill level 5 in Shields
 25080 | Spider:1 | Noticed Roxanne
 25247 | Spider:1 | Reached skill level 14 in Hexes
 25251 | Spider:1 | Reached skill level 6 in Shields
 26096 | Spider:2 | Reached skill level 7 in Spellcasting
 26112 | Spider:2 | Reached XP level 17. HP: 113/131 MP: 27/27
 26146 | Spider:2 | Reached skill level 15 in Hexes
 26474 | Spider:2 | Noticed Arachne
 26485 | Spider:2 | Killed Arachne
 26485 | Spider:2 | Reached skill level 16 in Hexes
 26764 | Spider:3 | Entered Level 3 of the Spider Nest
 26815 | Spider:3 | Identified the +7 war axe "Sumix" {freeze, Str+5 Stlth+}
 26821 | Spider:3 | Found a frozen archway.
 26830 | IceCv    | Entered an ice cave
 26974 | IceCv    | Reached skill level 1 in Ice Magic
 26989 | IceCv    | Reached skill level 1 in Summonings
 27126 | IceCv    | Reached skill level 1 in Conjurations
 27646 | IceCv    | Reached skill level 2 in Ice Magic
 27752 | IceCv    | Noticed an Ice Fiend
 27758 | IceCv    | Reached skill level 2 in Summonings
 28110 | IceCv    | Killed an Ice Fiend
 28285 | IceCv    | Identified the cursed +0 hand crossbow of the Scavenger
                  | {speed, rPois Str-3 Int+10 Stlth-}
 28328 | Spider:3 | Reached skill level 2 in Conjurations
 28348 | Spider:3 | Reached skill level 3 in Ice Magic
 28376 | Spider:2 | Reached skill level 3 in Summonings
 29029 | Spider:3 | Reached skill level 3 in Conjurations
 29029 | Spider:3 | Reached skill level 4 in Ice Magic
 29029 | Spider:3 | Reached skill level 4 in Summonings
 29486 | Spider:3 | Reached skill level 17 in Hexes
 29607 | Spider:3 | Got a gossamer rune of Zot
 30364 | Elf:1    | Entered Level 1 of the Elven Halls
 30912 | Elf:1    | Found Waesika's Antique Weapon Shop.
 31019 | Elf:1    | Reached XP level 18. HP: 138/138 MP: 21/28
 31155 | Elf:2    | Identified the +5 quarterstaff of Wameela {crush, rElec MR+
                  | Dex+2}
 31259 | Elf:2    | Found a magical portal.
 31273 | Elf:2    | Reached skill level 12 in Stealth
 31376 | WizLab   | Entered The Roulette of Golubria
 31376 | WizLab   | Found a transporter.
 31380 | WizLab   | Found a corrupted altar of Lugonu.
 31404 | WizLab   | Found a transporter.
 31429 | WizLab   | Found a transporter.
 31484 | WizLab   | Found a transporter.
 31490 | WizLab   | Found the +1 cloak of Starlight {rElec rC+ EV+4 Stlth--}
 31536 | WizLab   | Found a transporter.
 31536 | WizLab   | Found a transporter.
 31683 | WizLab   | Found a transporter.
 31727 | WizLab   | Found a transporter.
 31746 | WizLab   | Found a transporter.
 31912 | WizLab   | Found a transporter.
 31912 | WizLab   | Found a transporter.
 31984 | WizLab   | Found a transporter.
 31999 | WizLab   | HP: 10/138 [eldritch tentacle (31)]
 31999 | WizLab   | Demolished by an eldritch tentacle

Skill      XL: |  1  2  3  4  5  6  7  8  9 10 11 12 13 14 15 16 17 18 |
---------------+-------------------------------------------------------+-----
Stealth        | 5 6 7 8 9 11 12 | 12.3
Short Blades   | 2 3 4 6 9 10 12 13 14 | 14.0
Hexes          | 5 6 7 8 10 14 17 | 17.0
Dodging        | 3 6 8 9 11 12 13 | 13.5
Fighting       | 1 3 5 7 9 10 11 | 11.4
Spellcasting   | 3 5 7 |  7.0
Invocations    | 3 4 5 7 9 10 11 | 11.5
Armour         | 4 6 7 9 10 11 | 11.5
Evocations     | 5 7 |  7.0
Shields        | 6 |  6.8
Ice Magic      | 4 |  4.0
Summonings     | 4 |  4.0
Conjurations   | 3 |  3.0

Action                   |  1- 3 |  4- 6 |  7- 9 | 10-12 | 13-15 | 16-18 || total
-------------------------+-------+-------+-------+-------+-------+-------++-------
Melee: Dagger            |   116 |   169 |    81 |       |       |       ||   366
       Bite              |     8 |     8 |    28 |    39 |   123 |   117 ||   323
       Rapier            |       |       |   240 |   366 |  1173 |  1100 ||  2879
 Fire: Blowgun           |       |       |     5 |    14 |       |     3 ||    22
Throw: Javelin           |       |       |       |       |     2 |     2 ||     4
 Cast: Corona            |     5 |       |     1 |       |       |       ||     6
       Ensorcelled Hiber |    12 |    18 |    17 |    12 |     9 |     8 ||    76
       Confuse           |       |     6 |     9 |    20 |    13 |     5 ||    53
       Dazzling Orbs     |       |       |       |       |     1 |     1 ||     2
       Invisibility      |       |       |       |       |       |    13 ||    13
Invok: Stomp             |       |       |     3 |     3 |    15 |    12 ||    33
       Line Pass         |       |       |       |       |     5 |       ||     5
       Grand Finale      |       |       |       |       |     1 |       ||     1
 Abil: End Transformatio |     1 |       |       |       |       |       ||     1
       Bat Form          |     1 |       |       |       |       |       ||     1
Evoke: Lamp of fire      |       |       |       |     1 |     2 |     4 ||     7
       Wand              |       |       |       |       |     5 |     8 ||    13
  Use: Potion            |     7 |     2 |     9 |     4 |    31 |    33 ||    86
       Scroll            |       |     5 |     3 |     5 |    21 |     2 ||    36
 Stab: Sleeping          |    13 |    24 |    17 |    18 |    31 |    44 ||   147
       Confused          |       |     3 |     2 |     3 |    10 |     1 ||    19
       Invisible         |       |     1 |       |       |       |    28 ||    29
       Paralysed         |       |     1 |     7 |    22 |    74 |    62 ||   166
       Distracted        |       |       |     1 |     1 |     6 |     4 ||    12
  Eat: Corpse            |       |       |     2 |       |     4 |     1 ||     7
Armor: Robe              |    29 |     6 |       |       |       |       ||    35
       Pearl dragon scal |       |    22 |   127 |   132 |   385 |   553 ||  1219
Dodge: Dodged            |   130 |    71 |   106 |   212 |   525 |   758 ||  1802
Block: Buckler           |       |       |       |       |     3 |   327 ||   330
       Reflection        |       |       |       |       |       |     8 ||     8

Levels and vault maps discovered:
D:1:      onia_arrival_pyramid, layout_basic
D:2:      layout_loops_ring, fedhas_altar_3, first_ration,
          minmay_goblin_kobold_house
D:3:      layout_loops_ring, gammafunk_temple_overflow_statue
D:4:      layout_loops_ring, minmay_checkerbox
D:5:      layout_basic, minmay_temple_entry_slanted, serial_shops,
          nicolae_shop_crystal, shop, chequers_serial_rivers_room_b,
          uniq_prince_ribbit1
D:6:      layout_loops_corners, grunt_temple_overflow_lords_of_destruction,
          lightli_sewer_entry_pipes
D:7:      layout_loops_ring, lemuel_coloured_pillars_altar,
          uniq_crazy_yiuf_cottage
D:8:      layout_rooms, dpeg_oklobed_lair, special_room [special_room_orc],
          serial_aquarium, aquarium_bridge_long_separate
          [aquarium_subvault_bridge, aquarium_subvault_wall,
          aquarium_subvault_window, aquarium_subvault_wall,
          aquarium_subvault_wall, aquarium_subvault_bridge],
          aquarium_bridge_straight [aquarium_subvault_bridge,
          aquarium_subvault_wall, aquarium_subvault_bridge,
          aquarium_subvault_balcony], aquarium_window_3, aquarium_window_corner,
          aquarium_window_corner, aquarium_window_2, aquarium_view_2g,
          aquarium_view_2d, aquarium_pool_2, serial_bayou_pond_e
D:9:      kennysheep_steamy, layout_basic, kennysheep_mini_moat, serial_shops,
          shop, shop, nicolae_shop_temple_entry_statues_fountains,
          nicolae_shop_behind_doors, shop, dk_noncrumbling_3, grunt_ogre_cave,
          minmay_radiant, uniq_erolcha
D:10:     layout_irregular_city, bloody_trog
D:11:     layout_roguey, david_orc_4, ximxim_vaults_locker_room, uniq_sonja
D:12:     grunt_enter_depths_hoard, layout_basic, serial_shops, shop_fountains,
          ebering_ghost_reflecting_pool, minmay_misc_feat_hallway, special_room
          [special_room_mythical_zoo]
Lair:1:   layout_misc_corridors, ebering_ghost_reflecting_pool
Lair:2:   layout_roguey, beast_lair_carwin_3
Lair:3:   layout_chaotic_city, minmay_swamp_entry_worms, lemuel_fruit_fields,
          uniq_gastronok
Lair:4:   beast_lair_carwin_large_1, layout_hall_layers, spider_nest_entry_a
Lair:5:   layout_layer_cave, dpeg_slime_entry_corner, st_stairs_4, uniq_urug,
          uniq_snorg
Lair:6:   wormcave, layout_concentric_octagons, grunt_megastairs_3
Swamp:1:  layout_basic_swamp, evilmike_swamp_ruin_rubble_1, uniq_nikola
Swamp:2:  layout_basic_swamp, evilmike_swamp_ruin_house_6
Swamp:3:  swamp_old_school, layout_basic_swamp
Spider:1: layout_spider_delve, zaba_anthell, uniq_roxanne
Spider:2: layout_spider_delve, uniq_arachne
Spider:3: spider_rune_water, portal_ice_cave_entry_pillars_four
Orc:      st_orc_ogre_mass, layout_caves, serial_shops, shop, basic_altar,
          lemuel_statue_altar, uniq_nessos
Elf:1:    minmay_elf_arrival_plus, layout_geoelf_octagon, serial_shops, shop,
          evilmike_minifort
Elf:2:    layout_onion_city, mu_enter_wizlab_6,
          minmay_checkered_concentric_circles
WizLab:   wizlab_golubria

Table legend:
 A = Turns spent in this place as a percentage of turns spent in the entire game.
 B = Non-inter-level travel turns spent in this place as a percentage of non-inter-level travel turns spent in the entire game.
 C = Inter-level travel turns spent in this place as a percentage of turns spent in this place.
 D = Turns resting spent in this place as a percentage of non-inter-level travel turns spent in this place.
 E = Turns spent auto-exploring this place as a percentage of non-inter-level travel turns spent in this place.
 F = Non-inter-level travel turns spent in this place divided by the number of levels of this place that you've seen.
                   A       B       C       D       E      F
               +-------+-------+-------+-------+-------+----------------------
         Total | 100.0 | 100.0 |   5.6 |  15.0 |  56.0 | 1007.3
       Dungeon |  40.0 |  39.2 |   7.3 |  11.6 |  61.3 | 987.7
          Lair |  22.6 |  22.4 |   6.1 |  10.6 |  66.1 | 1130.2
         Swamp |  11.2 |  11.2 |   5.4 |  15.0 |  53.6 | 1127.3
   Spider Nest |  11.6 |  11.8 |   3.8 |  30.1 |  34.1 | 1189.7
  Orcish Mines |   3.9 |   3.9 |   5.0 |   6.3 |  49.5 | 1173.0
   Elven Halls |   3.2 |   3.3 |   0.7 |  11.7 |  56.2 | 502.5
         Sewer |   1.1 |   1.1 |   0.0 |   6.2 |  58.9 | 341.0
      Ice Cave |   4.7 |   4.9 |   0.0 |  39.9 |  31.8 | 1492.0
        Wizlab |   1.9 |   2.1 |   0.0 |   7.7 |  50.7 | 623.0
               +-------+-------+-------+-------+-------+----------------------

Table legend:
 A = Kills in this place as a percentage of kills in entire the game.
 B = Kills by you in this place as a percentage of kills by you in the entire game.
 C = Kills by friends in this place as a percentage of kills by friends in the entire game.
 D = Other kills in this place as a percentage of other kills in the entire game.
 E = Experience gained in this place as a percentage of experience gained in the entire game.
 F = Experience gained in this place divided by the number of levels of this place that you have seen.
                   A       B       C       D       E      F
               +-------+-------+-------+-------+-------+----------------------
         Total | 100.0 | 100.0 |   N/A | 100.0 | 100.0 | 10448.3
       Dungeon |  35.0 |  35.0 |   N/A |  25.0 |  15.7 | 4111.8
          Lair |  14.9 |  14.9 |   N/A |   0.0 |  15.6 | 8137.8
         Swamp |  10.1 |  10.0 |   N/A |  25.0 |  19.3 | 20192.3
   Spider Nest |  19.8 |  19.8 |   N/A |  25.0 |  25.5 | 26673.7
  Orcish Mines |   6.9 |   6.9 |   N/A |   0.0 |   7.4 | 23277.0
   Elven Halls |   5.0 |   4.9 |   N/A |  25.0 |  10.7 | 16799.5
         Sewer |   1.4 |   1.4 |   N/A |   0.0 |   0.0 |  33.0
      Ice Cave |   5.5 |   5.5 |   N/A |   0.0 |   3.5 | 11098.0
        Wizlab |   1.5 |   1.5 |   N/A |   0.0 |   2.1 | 6675.0
               +-------+-------+-------+-------+-------+----------------------
